 Dungeon Crawl Stone Soup version 0.26-a0-800-g517d6fe721 (webtiles) character file.

Game seed: 9734883245632628365

22 OTABOTABOTAB the Skirmisher (level 2, -2/16 HPs)
             Began as a Vine Stalker Fighter on Nov 11, 2020.
             Slain by a hound (3 damage)
             ... on level 2 of the Dungeon.
             The game lasted 00:01:27 (1074 turns).

OTABOTABOTAB the Skirmisher (Vine Stalker Fighter)  Turns: 1074, Time: 00:01:28

Health: -2/16      AC:  6    Str: 18    XL:     2   Next: 91%
Magic:  0/3        EV:  7    Int:  8    God:
Gold:   47         SH:  9    Dex: 13    Spells: 1/1 levels left

rFire    . . .     SeeInvis .   e - +2 dagger (vamp)
rCold    . . .     Faith    .   c - +0 kite shield
rNeg     . . .     Spirit   +   b - +0 scale mail
rPois    .         Reflect  .   (no helmet)
rElec    .         Harm     .   (no cloak)
rCorr    .         Rampage  .   (no gloves)
MR       +....                  (no boots)
Stlth    ..........             (no amulet)
HPRegen  0.05/turn              j - ring of protection from magic {MR+, !d}
MPRegen  0.08/turn              (no ring)

@: no status effects
A: fangs 2, magic shield, antimagic bite, no potion heal 3, rot immunity
a: no special abilities


You were on level 2 of the Dungeon.
You visited 1 branch of the dungeon, and saw 2 of its levels.

You collected 47 gold pieces.

Inventory:

Hand Weapons
 e - a +2 vampiric dagger (weapon)
   (You took it off a goblin on level 1 of the Dungeon)
Armour
 b - a +0 scale mail (worn)
 c - a +0 kite shield (worn)
Jewellery
 j - a ring of protection from magic (left hand) {MR+, !d}
   (You found it on level 1 of the Dungeon)
Scrolls
 f - 2 scrolls of fog {unknown}
 i - 2 scrolls of identify {unknown}
 k - 2 scrolls of blinking {unknown}
 m - a scroll of immolation {unknown}
Potions
 a - a potion of invisibility {unknown}
 d - 2 potions of might
 g - a potion of brilliance {unknown}
 h - a potion of attraction {unknown}
 l - a potion of curing {unknown}


   Skills:
 * Level 3.1 Fighting
 + Level 2.0 Short Blades
 + Level 2.6 Armour
 + Level 2.9 Shields


You had one spell level left.
You didn't know any spells.
Your spell library was empty.

Dungeon Overview and Level Annotations

Branches:
Dungeon (2/15)

Altars:
Makhleb


Innate Abilities, Weirdness & Mutations

You have extremely sharp teeth.
When hurt, damage is shared between your health and your magic reserves.
Your bite disrupts and absorbs the magic of your enemies.
Potions cannot restore your health.
You are immune to rotting.


Message History

Things that are here:
a +0 hunting sling; 4 stones
Found a stone staircase leading down.
A frilled lizard comes into view.
The frilled lizard hisses angrily.
A frilled lizard is nearby!
A frilled lizard is nearby!
There is a stone staircase leading down here.
You hit the frilled lizard. You block the frilled lizard's attack.
You hit the frilled lizard.
You kill the frilled lizard!
No target in view!
Found a runed trident.
No target in view!
l - a lumpy silvery potion
i - 2 scrolls labelled SOYCITR JUMEI (gained 1)
m - a scroll labelled BEGEGU CEMESI No target in view!
Found a stone staircase leading up.
There is a stone staircase leading up here.
You see here a ring mail.
A ball python comes into view.
The ball python hisses angrily.
A ball python is nearby!
A ball python is nearby!
A ball python is nearby!
The ball python closely misses you. You block the ball python's attack. x2
The ball python grabs you. The ball python constricts you.
You take 1 damage, and have 15/16 hp.
You barely miss the ball python. You bite the ball python. You drain its power.
You block the ball python's attack. The ball python constricts you.
You take 1 damage, and have 14/16 hp.
You closely miss the ball python. You block the ball python's attack.
The ball python constricts you.
You take 1 damage, and have 13/16 hp.
You hit the ball python.
You kill the ball python!
No target in view!
Found a stone staircase leading down.
Health restored: 16 A hound comes into view.
The hound barks!
Found a burning altar of Makhleb.
You block the hound's attack. The hound bites you.
You now have 2/3 mp.
A hound is nearby!
You closely miss the hound. You bite the hound. You drain its power.
You feel invigorated. The hound closely misses you.
MP restored: 3 You barely miss the hound.
Your bite misses the hound. You block the hound's attack.
The hound barely misses you.
You hit the hound. The hound bites you but does no damage.
You hit the hound but do no damage. You bite the hound, but do no damage.
The hound bites you. x2
You take 4 damage, and have 12/16 hp.
MASSIVE DAMAGE!!
You now have 1/3 mp.
You hit the hound but do no damage. Your bite misses the hound.
The hound bites you.
You take 5 damage, and have 7/16 hp.
MASSIVE DAMAGE!!
You closely miss the hound. You bite the hound. You drain its power.
You feel invigorated. You block the hound's attack.
The hound pauses to sniff the ground.
The hound bites you.
You take 2 damage, and have 5/16 hp.
You hit the hound but do no damage. You block the hound's attack.
You hit the hound but do no damage. You bite the hound. You drain its power.
You feel invigorated. The hound bites you.
* * * LOW HITPOINT WARNING * * *
The hound barely misses you.
You take 2 damage, and have 3/16 hp.
You closely miss the hound. Your bite misses the hound. The hound bites you.
You now have 1/3 mp.
The hound completely misses you. The hound bites you but does no damage.
The hound completely misses you. The hound bites you.
* * * LOW HITPOINT WARNING * * *
You take 1 damage, and have 3/16 hp.
You now have 0/3 mp.
You block the hound's attack. The hound bites you but does no damage.
You block the hound's attack. The hound bites you but does no damage.
The hound barely misses you.
You hit the hound. The hound bites you.
* * * LOW HITPOINT WARNING * * *
You block the hound's attack.
You take 2 damage, and have 1/16 hp.
You now have 0/3 mp.
You closely miss the hound. You bite the hound. You drain its power.
You feel invigorated. You block the hound's attack.
MP restored: 3 You hit the hound but do no damage.
You bite the hound, but do no damage. The hound bites you but does no damage.
The hound barely misses you.
Unknown command.
The hound bites you.
You now have 2/3 mp.
The hound bites you.
You die...

####### #.....#
#.....#############
#.................#
#.....###.##.##.#.#
#......##....##.#.#
#.#.##.##.#####.#.#
#.#.##.##.#####.#.####
#.#.##.##...@h..#...>###
#.#.##.##########.....)#
###.#.##........#
#.##.#.#
#...............#
#......#
#.###.#.#.......#
#......#
#.##..#.#...)[..#
##....##
#[##.##.#.......#
##....##
###<##.##.#.......#
###...##
.(........#.......#
###..##


You could see a hound.

Vanquished Creatures
  5 bats (D:1)
  A giant cockroach (D:1)
  3 hobgoblins
  A ball python (D:2)
  3 frilled lizards
  3 goblins
  4 kobolds
  2 rats (D:1)
22 creatures vanquished.

Notes
Turn   | Place    | Note
-------+----------+-------------------------------------------
     0 | D:1      | OTABOTABOTAB the Vine Stalker Fighter began the quest for
                  | the Orb.
     0 | D:1      | Reached XP level 1. HP: 11/11 MP: 2/2
   167 | D:1      | Reached XP level 2. HP: 16/16 MP: 3/3
   360 | D:1      | Reached skill level 3 in Fighting
   360 | D:1      | Reached skill level 2 in Short Blades
  1037 | D:2      | Found a burning altar of Makhleb.
  1046 | D:2      | HP: 3/16 [hound (2)]
  1055 | D:2      | HP: 3/16 [hound (1)]
  1068 | D:2      | HP: 1/16 [hound (3)]
  1074 | D:2      | Slain by a hound

Illustrated notes

Levels and vault maps discovered:
D:1:      dpeg_arrival_ternary, layout_basic
D:2:      layout_loops_cross, lightli_temple_of_fire,
          makhleb_blood_cavern_becter

Skill      XL: |  1  2 |
---------------+-------+-----
Fighting       | 3 |  3.1
Short Blades   | 2 |  2.0
Armour         | |  2.6
Shields        | |  2.9

Action                   || total
-------------------------++-------
Melee: Dagger            ||    62
       Rapier            ||     6
       Bite              ||    15
Armor: Scale mail        ||    23
Dodge: Dodged            ||    21
Block: Kite shield       ||    42

Table legend: (Time is in decaauts)
 A = Elapsed time spent in this place.
 B = Non-inter-level travel time spent in this place.
 C = Inter-level travel time spent in this place.
 D = Time resting spent in this place.
 E = Time spent auto-exploring this place.
 F = Levels seen in this place.
 G = Mean time per level.
                   A        B        C        D        E       F      G
               +--------+--------+--------+--------+--------+-----+--------+
         Total |   1072 |   1050 |     22 |      0 |    874 |   2 |  536.0 |
       Dungeon |   1072 |   1050 |     22 |      0 |    874 |   2 |  536.0 |
               +--------+--------+--------+--------+--------+-----+--------+

Top non-repeatable levels by time:
     D:1: 741 daAuts
     D:2: 331 daAuts

Table legend:
 A = Kills in this place as a percentage of kills in entire the game.
 B = Kills by you in this place as a percentage of kills by you in the entire game.
 C = Kills by friends in this place as a percentage of kills by friends in the entire game.
 D = Other kills in this place as a percentage of other kills in the entire game.
 E = Experience gained in this place as a percentage of experience gained in the entire game.
 F = Experience gained in this place divided by the number of levels of this place that you have seen.
                   A       B       C       D       E      F
               +-------+-------+-------+-------+-------+----------------------
         Total | 100.0 | 100.0 |   N/A |   N/A | 100.0 |  16.0
       Dungeon | 100.0 | 100.0 |   N/A |   N/A | 100.0 |  16.0
               +-------+-------+-------+-------+-------+----------------------
